AoeStats
← DZT_白霜魔头

Arena

510665108Analyzed
4v4 RM · 16h ago on Oct 2, 2026· 39m 5s· 8 players
Game mode
Random Map
Map size
Large (8 player)
Population
200
Speed
Normal
Resources
Standard
Victory
Conquest
Starting age
Dark Age
Ending age
Imperial Age
RankedLock teamsTeams togetherTeam positionsShared explorationLock speedFull tech treeHidden civsTurbo modeCheats
Victory
Defeat
🇨🇳 Mapuche · China
1819
+11
🇨🇱 Hindustanis · Chile
1787
+12
🇵🇪 Cumans · Peru
1751
+14
🇲🇽 Mongols · Mexico
1740
+14
🇧🇷 Teutons · Brazil
1851
-18
🇧🇷 Turks · Brazil
1814
-16
🇧🇷 Italians · Brazil
1602
-9
🇧🇷 Danes · Brazil
1560
-8
noru
8:51 Feudal Age
10:14 Loom
13:39 Town Watch
16:01 Fletching
22:56 Double-Bit Axe
23:41 Scale Mail Armor
27:19 Wheelbarrow
31:46 Castle Age
30:55 Gold Mining
30:46 Horse Collar
32:31 Heavy Plow
32:48 Bow Saw
33:11 Hand Cart
34:04 Gold Shaft Mining
33:21 Stone Mining
34:00 Town Patrol
36:47 Scale Barding Armor
39:29 Imperial Age
37:13 Forging
37:24 Bloodlines
38:24 Chain Barding Armor
40:47 Imperial Age
38:55 Iron Casting
watoncito
8:55 Feudal Age
14:48 Castle Age
13:10 Double-Bit Axe
13:32 Horse Collar
15:53 Bow Saw
21:47 Gold Mining
22:44 Scale Barding Armor
23:50 Forging
24:50 Heavy Plow
26:43 Chain Barding Armor
27:09 Wheelbarrow
28:26 Hand Cart
28:51 Gold Shaft Mining
28:55 Iron Casting
29:57 Stone Mining
29:59 Town Watch
30:19 Husbandry
30:30 Bloodlines
33:43 Imperial Age
31:54 Stone Shaft Mining
31:26 Loom
33:32 Padded Archer Armor
33:43 Masonry
35:27 Chemistry
33:49 Heavy Camel Rider
35:05 Plate Barding Armor
36:42 Blast Furnace
36:43 Two-Man Saw
35:52 Imperial Camel Rider
37:04 Fletching
38:03 Conscription
38:02 Bodkin Arrow
DZT_白霜魔头
10:07 Feudal Age
10:49 Double-Bit Axe
13:42 Castle Age
11:27 Horse Collar
14:49 Bow Saw
19:36 Wheelbarrow
21:33 Hand Cart
21:33 Hand Cart
22:17 Heavy Plow
22:34 Gold Mining
24:09 Gold Shaft Mining
23:26 Stone Mining
27:39 Imperial Age
25:39 Ballistics
25:21 Padded Archer Armor
25:11 Fletching
25:11 Loom
26:13 Stone Shaft Mining
26:57 Fletching
27:23 Leather Archer Armor
28:18 Bodkin Arrow
29:26 Chemistry
28:07 Treadmill Crane
28:03 Elite Bolas Rider
30:05 Ring Archer Armor
29:57 Conscription
30:58 Butalmapu
31:09 Malon
32:50 Crop Rotation
32:10 Town Watch
32:36 Elite Kona
35:23 Sappers
36:29 Hoardings
36:11 Masonry
36:22 Town Patrol
37:56 Coinage
38:46 Forging
39:24 Siege Engineers
39:53 Banking
40:01 Iron Casting
MztK | SpAwN
7:26 Loom
7:33 Loom
9:46 Feudal Age
10:24 Horse Collar
16:24 Castle Age
14:47 Double-Bit Axe
17:22 Bow Saw
18:13 Fletching
19:16 Ballistics
20:18 Bodkin Arrow
28:31 Wheelbarrow
32:26 Imperial Age
32:13 Gold Mining
32:42 Hand Cart
32:53 Heavy Plow
33:32 Gold Shaft Mining
33:42 Drill
33:11 Onager
34:34 Nomads
34:55 Conscription
34:40 Nomads
35:09 Siege Onager
36:55 Siege Engineers
Fs.Neras
9:40 Feudal Age
14:16 Castle Age
14:13 Scale Barding Armor
14:18 Forging
20:31 Bloodlines
23:36 Wheelbarrow
29:42 Double-Bit Axe
32:52 Loom
33:11 Fletching
33:08 Horse Collar
37:10 Imperial Age
35:07 Bodkin Arrow
35:55 Gold Mining
37:19 Elite Janissary
Fs.Nx Imperial
9:33 Feudal Age
9:48 Man-at-Arms
12:02 Loom
12:29 Scale Mail Armor
27:34 Castle Age
30:39 Fletching
Fs.China
10:49 Feudal Age
14:23 Castle Age
12:27 Double-Bit Axe
12:27 Horse Collar
15:34 Bow Saw
15:24 Heavy Plow
21:57 Wheelbarrow
21:51 Gold Mining
22:13 Town Watch
26:37 Imperial Age
25:41 Loom
26:14 Hand Cart
26:45 Onager
28:18 Siege Onager
31:22 Ballistics
31:17 Fletching
32:31 Pikeman
33:12 Squires
33:51 Capped Ram
34:40 Siege Engineers
35:36 Chemistry
34:14 Northmen's Fury
34:58 Scale Mail Armor
35:08 Forging
35:02 Halberdier
37:05 Chain Mail Armor
38:01 Coinage
38:37 Murder Holes
Fs.FASTURTLE
6:36 Loom
8:43 Feudal Age
9:27 Double-Bit Axe
9:22 Horse Collar
14:23 Wheelbarrow
16:49 Castle Age
14:42 Gold Mining
18:05 Bow Saw
17:58 Heavy Plow
20:30 Hand Cart
23:16 Guard Tower
24:59 Ballistics
24:56 Fletching
25:46 Bodkin Arrow
30:12 Imperial Age
27:52 Stone Mining
30:05 Scale Mail Armor
30:16 Forging
31:15 Squires
30:35 Pikeman
31:15 Heavy Scorpion
32:56 Scale Mail Armor
34:54 Chemistry
33:48 Pikeman
35:07 Chain Mail Armor
35:37 Conscription
34:41 Halberdier
36:19 Forging
36:47 Siege Engineers
37:56 Plate Mail Armor
38:01 Iron Casting
Connection lost

Rejoining the realm…

Still unreachable

The connection could not be restored.

Session expired

The server has moved on; the page needs a fresh start.